 Dungeon Crawl Stone Soup version 0.30.1-1-g62c8e00024 (webtiles) character file.

Game seed: 11839892806834838768

21335 Descartes the Eclecticist (level 12, -5/59 HPs)
             Began as a Deep Elf Earth Elementalist on July 16, 2023.
             Was an Initiate of Gozag.
             Slain by an ice dragon (8 damage)
             ... on level 1 of the Lair of Beasts.
             The game lasted 00:45:24 (19058 turns).

Descartes the Eclecticist (DEEE)                   Turns: 19058, Time: 00:45:25

Health: -5/59      AC:  7    Str:  5    XL:     12   Next: 53%
Magic:  12/33      EV: 18    Int: 26    God:    Gozag
Gold:   1064       SH:  0    Dex: 15    Spells: 28/41 levels left

rFire   + + .        J - +4 trident
rCold   . . .        (no shield)
rNeg    . . .        I - +0 troll leather armour
rPois   .            (no helmet)
rElec   .            M - +0 cloak of the Iron City of Dis {rF+}
rCorr   .            x - +0 pair of gloves
SInv    .            W - +0 pair of boots
Will    ++...        (no amulet)
Stlth   ++           g - ring of protection from fire
HPRegen 1.09/turn    q - ring of willpower
MPRegen 0.23/turn

%: no passive effects
@: gold aura
A: claws 1
a: Renounce Religion, Potion Petition, Call Merchant, Bribe Branch


You were on level 1 of the Lair of Beasts.
You worshipped Gozag.
Gozag was most pleased with you.
You visited 4 branches of the dungeon, and saw 15 of its levels.
You also visited: Ossuary and Bailey.

You collected 2354 gold pieces.
You spent 1163 gold pieces at shops.
You paid 127 gold pieces to Gozag.

Inventory:

Hand Weapons
 J - a +4 trident (weapon)
Missiles
 c - 4 silver boomerangs
 o - 50 poisoned darts
 t - 5 boomerangs
 L - a throwing net
 N - 2 javelins
 X - 2 datura-tipped darts
 Y - 4 curare-tipped darts
Armour
 a - the +2 robe "Pikkoub" {Harm +Inv rF++ Stlth-}
   (You bought it in a shop on level 3 of the Dungeon)

   rF:        It greatly protects you from fire.
   +Inv:      It lets you turn invisible.
   Harm:      It increases damage dealt and taken.
   Stlth:     It makes you less stealthy.
 x - a +0 pair of gloves (worn)
 I - a +0 troll leather armour (worn)
 M - the +0 cloak of the Iron City of Dis (worn) {rF+}
   (You bought it in a shop on level 3 of the Dungeon)

   rF:        It protects you from fire.
 W - a +0 pair of boots (worn)
Jewellery
 g - a ring of protection from fire (left hand)
 q - a ring of willpower (right hand)
 B - a +6 ring of dexterity
 T - a +5 ring of evasion
Wands
 s - a wand of charming (10)
 F - a wand of polymorph (2)
 Q - a wand of mindburst (6)
 R - a wand of iceblast (8)
 U - a wand of digging (13)
Scrolls
 e - 9 scrolls of poison
 f - 4 scrolls of immolation
 j - a scroll of enchant weapon
 k - a scroll of identify
 l - 4 scrolls of summoning
 u - a scroll of fog {unknown}
 v - 2 scrolls of vulnerability {unknown}
 w - 10 scrolls of teleportation
 y - 3 scrolls of magic mapping
 z - 4 scrolls of amnesia
 C - 5 scrolls of fear
 D - 3 scrolls of enchant armour {unknown}
 E - a scroll of brand weapon {unknown}
 S - a scroll of blinking {unknown}
Potions
 b - 3 potions of magic
 d - 7 potions of mutation
 h - a potion of ambrosia
 i - 6 potions of curing
 m - 4 potions of brilliance
 n - 4 potions of haste
 p - 2 potions of cancellation
 r - 4 potions of heal wounds
 A - 3 potions of might
 K - a potion of invisibility {unknown}
 P - a potion of flight {unknown}
 V - a potion of attraction {unknown}
 Z - a potion of lignification
Miscellaneous
 G - a lightning rod (4/4)
 H - a piece from Xom's chessboard (15/15)
 O - a box of beasts


   Skills:
 + Level 14.1 Dodging
 - Level 2.4 Stealth
 + Level 15.4 Spellcasting
 - Level 5.0 Conjurations
 - Level 1.1 Transmutations
 + Level 13.3 Earth Magic
 + Level 2.3 Evocations


You had 28 spell levels left.
You knew the following spells:

 Your Spells              Type           Power      Damage    Failure   Level
a - Sandblast             Erth           100%       2d20      1%          1
b - Stone Arrow           Conj/Erth      100%       3d13      1%          3
c - Petrify               Tmut/Erth      55%        N/A       2%          4
d - Lee's Rapid Deconstr  Erth           37%        3d18*     1%          5

Your spell library contained the following spells:

 Spells                   Type           Power      Damage    Failure   Level
 Magic Dart               Conj           100%       1d8       1%          1
 Passwall                 Tmut/Erth      45%        N/A       1%          2
 Animate Armour           Summ/Erth      100%       N/A       2%          4
 Apportation              Tloc           40%        N/A       4%          1
 Necrotise                Necr           80%        1d8       4%          1
 Summon Small Mammal      Summ           80%        N/A       4%          1
 Dazzling Flash           Conj/Hex       66%        N/A       4%          3
 Call Imp                 Summ           40%        N/A       7%          2
 Cigotuvi's Dreadful Rot  Necr/Pois/Air  40%        N/A       7%          2
 Mephitic Cloud           Conj/Pois/Air  28%        N/A       7%          3
 Ignite Poison            Fire/Tmut/Pois 21%        N/A       12%         3
 Frozen Ramparts          Ice            40%        1d7       13%         3
 Tukima's Dance           Hex            20%        N/A       13%         3
 Ice Form                 Ice/Tmut       22%        N/A       34%         4
 Passage of Golubria      Tloc           20%        N/A       41%         4
 Summon Ice Beast         Ice/Summ       20%        N/A       41%         4
 Freezing Cloud           Conj/Ice/Air   14%        6-21      52%         5
 Yara's Violent Unravell  Hex/Tmut       11%        3d6       69%         5
 Agony                    Necr           20%        N/A       77%         5
 Silence                  Hex/Air        10%        N/A       77%         5
 Simulacrum               Ice/Necr       Unusable   N/A       N/A         6

Dungeon Overview and Level Annotations

Branches:
Dungeon (12/15)            Temple (1/1) D:7            Lair (1/5) D:10
    Orc (1/2) D:10        Ossuary (visited)          Bailey (visited)

Altars:
Ashenzari
Cheibriados
Dithmenos
Elyvilon
Fedhas
Gozag
Hepliaklqana
Kikubaaqudgha
Makhleb
Nemelex Xobeh
Okawaru
Qazlal
Ru
Sif Muna
Trog
Uskayaw
Vehumet
Wu Jian
Xom
Yredelemnul
Zin
The Shining One

Shops:
D:1 :   D:3 (*[[

Annotations:
D:8 1 runed translucent door
D:11 2 transporters, Tali's ghost, novice DsBe
D:12 1 runed translucent door, ripuliukko's ghost, journeyman DEEE


Innate Abilities, Weirdness & Mutations

You have sharp fingernails.


Message History

Aim: an ice dragon (84% to hit)
The stone arrow misses the ice dragon.
The ice dragon breathes frost at you. The blast of cold hits you!!
Ouch! That really hurt!
You feel much better.
The ice dragon attacks as you move away!
The ice dragon bites you! The ice dragon claws you.
The ice dragon tramples you.
Casting: Stone Arrow (safe; 1% risk of failure)
Confirm with . or Enter, or press ? or * to list all spells.
Aiming: Lee's Rapid Deconstruction (dangerous; 1% risk of failure)
Press: ? - help, Dir - move target, p - ice dragon An ice covered rock wall.
The wall shatters!
The blast of rock fragments hits the ice dragon but does no damage.
The ice dragon misses you. The ice dragon barely misses you.
The ice dragon completely misses you.
A rime drake comes into view.
Casting: Lee's Rapid Deconstruction (dangerous; 1% risk of failure)
Confirm with . or Enter, or press ? or * to list all spells.
You don't have enough magic to cast this spell.
Magic courses through your body. The ice dragon bites you.
The ice dragon claws you! The ice dragon tramples you!
* * * LOW HITPOINT WARNING * * *
You stumble backwards!
Casting: Lee's Rapid Deconstruction (dangerous; 1% risk of failure)
Confirm with . or Enter, or press ? or * to list all spells.
Aiming: Lee's Rapid Deconstruction (dangerous; 1% risk of failure)
Press: ? - help, Dir - move target An ice covered rock wall.
The wall shatters!
The blast of rock fragments hits the ice dragon.
The ice dragon is lightly wounded.
You hear an angry growl.
The ice dragon bites you!
* * * LOW HITPOINT WARNING * * *
The ice dragon claws you!
You die...
Your body crumbles into a pile of gold.

#:...~~~..........
#$...~~~..........
#8...k~~..........
#....≈~~.######.#.
#..$Z~~~.######.##
#...≈≈~.... ....##
#...~~~..# .....
#D..~~~..##. .....
#@.~~~P..##. ..##
#..~~~~...#.## ##
#..≈~~#..##+.#+##P
#.~≈~~#...........
#.~~~##...........
#.≈~~~#...........
#~≈~~#............
#≈~~##............
#≈≈~~###..........[


You could see an ice dragon, a rime drake and a two-headed ogre simulacrum.

Vanquished Creatures
  2 vault guards (Bailey)
  A boulder beetle (D:11)
  Erica (D:9)
  Sonja (Lair:1)
  A cyclops (D:11)
  An orc sorcerer (Orc:1)
  An ugly thing (D:6)
  A manticore (D:7)
  An elephant (D:10)
  2 gargoyles
  2 cane toads (Lair:1)
  3 komodo dragons
  An ice devil (Lair:1)
  6 trolls
  A hornet (D:11)
  Prince Ribbit (Bailey)
  Grinder (D:3)
  Sigmund (D:3)
  A shadow (D:9)
  3 wyverns
  21 yaks
  2 wraiths
  3 humans (Bailey)
  3 basilisks
  Grum (D:8)
  3 steam dragons
  6 water moccasins
  2 acid dragons
  3 sky beasts
  2 ice beasts
  7 orc warriors
  4 black bears
  4 wolves
  3 ogres
  A centaur (D:8)
  A phantom (D:4)
  3 kobold brigands
  A necrophage (D:7)
  14 bullfrogs
  A cane toad simulacrum (Lair:1)
  3 scorpions
  2 two-headed ogre simulacra (Lair:1)
  6 wights
  9 killer bees
  9 howler monkeys
  3 jellies
  3 centaur zombies (Ossuary)
  A hound (D:5)
  7 orc priests
  A gnoll bouda (D:7)
  3 iguanas
  16 orc wizards
  A troll simulacrum (Lair:1)
  A hound skeleton (D:7)
  6 mummies (Ossuary)
  10 gnolls
  15 adders
  A shadow imp (D:8)
  2 white imps
  3 ufetubi
  2 worms
  2 dart slugs
  42 orcs
  5 bats
  6 endoplasms
  3 giant cockroaches
  14 goblins
  4 hobgoblins
  2 jackals (D:4)
  15 kobolds
  3 quokkas
  8 ball pythons
  6 frilled lizards
  6 hobgoblin zombies (Ossuary)
  2 rats
339 creatures vanquished.

Notes
Turn   | Place    | Note
-------+----------+-------------------------------------------
     0 | D:1      | Descartes the Deep Elf Earth Elementalist began the quest
                  | for the Orb.
     0 | D:1      | Reached XP level 1. HP: 10/10 MP: 6/6
   127 | D:1      | Found Tuneu's Vocational Training.
   193 | D:1      | Reached XP level 2. HP: 15/15 MP: 6/8
   333 | D:1      | Found a faded altar of an unknown god.
  1014 | D:2      | Reached XP level 3. HP: 19/19 MP: 7/10
  1208 | D:2      | Learned a level 3 spell: Stone Arrow
  1297 | D:2      | Found a snail-covered altar of Cheibriados.
  1363 | D:2      | Reached skill level 4 in Spellcasting
  1693 | D:3      | Found Xadoos's Weapon Emporium.
  1696 | D:3      | Reached XP level 4. HP: 23/24 MP: 9/12
  2031 | D:3      | Reached XP level 5. HP: 28/28 MP: 12/14
  2109 | D:3      | Found Qugod's Antique Armour Emporium.
  2239 | D:3      | Noticed Sigmund
  2249 | D:3      | Noticed Grinder
  2253 | D:3      | Paralysed by Grinder for 4 turns
  2420 | D:3      | Gained mutation: You have sharp fingernails. [potion of
                  | mutation]
  2420 | D:3      | Gained mutation: You possess an exceptional clarity of
                  | mind. [potion of mutation]
  2420 | D:3      | Lost mutation: You possess an exceptional clarity of mind.
                  | [potion of mutation]
  2425 | D:3      | Paralysed by Grinder for 5 turns
  2441 | D:3      | Killed Grinder
  2442 | D:3      | Reached skill level 5 in Dodging
  2442 | D:3      | Reached skill level 5 in Spellcasting
  2442 | D:3      | Reached skill level 5 in Earth Magic
  2442 | D:3      | Reached XP level 6. HP: 14/32 MP: 8/16
  2589 | D:3      | Found Paoclub's Antique Armour Shop.
  2655 | D:3      | Found Fuzyuc's Assorted Antiques.
  2737 | D:4      | Found a hazy altar of Hepliaklqana.
  2915 | D:4      | Found a radiant altar of Vehumet.
  2918 | D:4      | Found a sacrificial altar of Ru.
  2920 | D:4      | Found a shimmering blue altar of Sif Muna.
  3082 | D:4      | Reached skill level 6 in Spellcasting
  3117 | D:4      | Reached XP level 7. HP: 36/36 MP: 15/18
  3392 | D:4      | Found a glowing silver altar of Zin.
  3393 | D:4      | Noticed an angel
  3862 | D:5      | Entered Level 5 of the Dungeon
  3883 | D:5      | Reached skill level 1 in Conjurations
  4025 | D:5      | Reached skill level 7 in Spellcasting
  4199 | D:5      | Found an ornate altar of the Wu Jian Council.
  4570 | D:5      | Reached XP level 8. HP: 28/41 MP: 15/21
  4900 | D:5      | Reached skill level 8 in Spellcasting
  5285 | D:6      | Found a sand-covered staircase.
  5291 | Ossuary  | Entered an ossuary
  6302 | D:6      | Reached XP level 9. HP: 45/45 MP: 20/23
  6611 | D:7      | Noticed a troll
  6614 | D:7      | Killed a troll
  6615 | D:7      | Reached skill level 9 in Spellcasting
  6615 | D:7      | Reached skill level 5 in Conjurations
  6868 | D:7      | Noticed a gargoyle
  6868 | D:7      | Noticed a manticore
  6999 | D:7      | Noticed a green ugly thing
  7030 | D:6      | Killed a green ugly thing
  7031 | D:6      | Reached skill level 10 in Spellcasting
  7364 | D:7      | Noticed a komodo dragon
  7377 | D:7      | Killed a komodo dragon
  7485 | D:7      | Reached XP level 10. HP: 50/50 MP: 22/26
  7648 | D:7      | Got Ashihy's Opusculum on Decaying Scree
  7870 | D:7      | Found a staircase to the Ecumenical Temple.
  7876 | Temple   | Entered the Ecumenical Temple
  7894 | Temple   | Became a worshipper of Gozag Ym Sagoz the Greedy
  8032 | D:7      | Reached skill level 10 in Dodging
  8032 | D:7      | Reached skill level 11 in Spellcasting
  8125 | D:7      | Killed a manticore
  8216 | D:7      | Found a burning altar of Makhleb.
  8512 | D:7      | Killed a gargoyle
  8513 | D:7      | Reached skill level 10 in Earth Magic
  8563 | D:7      | Learned a level 4 spell: Petrify
  8569 | D:7      | Learned a level 5 spell: Lee's Rapid Deconstruction
  8784 | D:7      | Found a burning altar of Makhleb.
  8831 | D:7      | Found a staircase to the Ecumenical Temple.
  9388 | D:8      | Noticed Grum
  9566 | D:3      | Bought a pitted cloak for 218 gold pieces
  9566 | D:3      | Identified the +0 cloak of the Iron City of Dis {rF+} (You
                  | bought it in a shop on level 3 of the Dungeon)
  9566 | D:3      | Bought a scroll of teleportation for 69 gold pieces
  9566 | D:3      | Bought a scroll of poison for 92 gold pieces
  9576 | D:3      | Killed Sigmund
  9782 | D:8      | Killed Grum
  9845 | D:8      | Reached skill level 12 in Spellcasting
 10768 | D:8      | Found a runed translucent door.
 10769 | D:8      | Noticed a sixfirhy
 11174 | D:9      | Noticed Erica
 11181 | D:9      | Killed Erica
 11272 | D:9      | Reached XP level 11. HP: 54/54 MP: 18/29
 12017 | D:3      | Bought a dull robe for 142 gold pieces
 12017 | D:3      | Identified the +2 robe "Pikkoub" {Harm +Inv rF++ Stlth-}
                  | (You bought it in a shop on level 3 of the Dungeon)
 12044 | D:3      | Bought a sheer robe for 148 gold pieces
 12044 | D:3      | Identified the +0 robe of the Lost Xeniums {Int+3} (You
                  | bought it in a shop on level 3 of the Dungeon)
 12698 | D:9      | Reached skill level 13 in Spellcasting
 13074 | D:10     | Entered Level 10 of the Dungeon
 13093 | D:10     | Found a flagged portal.
 13235 | Bailey   | Entered a bailey
 13589 | Bailey   | Noticed Prince Ribbit
 13601 | Bailey   | Killed Prince Ribbit
 13632 | Bailey   | Noticed a vault guard
 13732 | Bailey   | Killed a vault guard
 13856 | Bailey   | Noticed a vault guard
 13870 | Bailey   | Killed a vault guard
 14297 | D:10     | Found a staircase to the Orcish Mines.
 14518 | D:10     | Found a staircase to the Lair.
 14554 | D:10     | Reached skill level 14 in Spellcasting
 15723 | D:11     | Found a transporter.
 15864 | D:11     | Reached XP level 12. HP: 59/59 MP: 19/32
 16082 | D:11     | Found a transporter.
 16083 | D:11     | Noticed Tali's ghost (novice DsBe)
 16513 | D:11     | Noticed a boulder beetle
 16543 | D:11     | Killed a boulder beetle
 16949 | D:12     | Identified the +2 leather armour "Didafum" {rF++ Stlth+}
 16969 | D:12     | Noticed a boulder beetle
 17003 | D:12     | Found a runed translucent door.
 17003 | D:12     | Noticed ripuliukko's ghost (journeyman DEEE)
 17003 | D:12     | Identified the +8 trident "Jobreun" {antimagic, *Noise
                  | rElec rF+}
 17030 | D:12     | Noticed a boulder beetle
 17253 | D:3      | Bought a shiny orb for 312 gold pieces
 17253 | D:3      | Bought a fading leather armour for 182 gold pieces
 17253 | D:3      | Identified the +2 leather armour "Hero's Friend" {rElec
                  | rPois rF-} (You bought it in a shop on level 3 of the
                  | Dungeon)
 17573 | Orc:1    | Entered Level 1 of the Orcish Mines
 17792 | Lair:1   | Entered Level 1 of the Lair of Beasts
 17895 | Lair:1   | Reached skill level 15 in Spellcasting
 18384 | Orc:1    | Reached skill level 1 in Evocations
 18441 | Orc:1    | Noticed an orc high priest
 18833 | Lair:1   | Noticed Sonja
 18838 | Lair:1   | Killed Sonja
 19048 | Lair:1   | Noticed an ice dragon
 19058 | Lair:1   | Slain by an ice dragon

Illustrated notes

Levels and vault maps discovered:
D:1:      onia_arrival_mini_spirals, layout_basic,
          shapermc_ecumenical_altar_starsandcircs, serial_curves,
          eino_curves_02, eino_curves_03, eino_curves_01, minmay_misc_feat_room,
          grunt_decor_one_mirror, nicolae_shop_vocational
D:2:      layout_basic, basic_altar
D:3:      layout_rooms, serial_shops, shop, nicolae_shop_tiny_statue_garden,
          nicolae_shop_tiny_real_fake_doors, nicolae_shop_real_fake_doors,
          uniq_grinder, uniq_sigmund
D:4:      kennysheep_six_static_rooms, layout_basic, zin_angel,
          mainiacjoe_overflow_brackets, grunt_temple_overflow_open
D:5:      cheibrodos_barr_body, layout_gridville, nzn_wu_jian_contemplation,
          chequers_serial_rivers_large_b
D:6:      layout_loops_corners, nicolae_ossuary_entry_ruins
D:7:      minmay_the_grid_triangle_9x9_recursive_2
          [minmay_the_grid_triangle_9x9_prize_schism,
          minmay_the_grid_triangle_9x9_thin_v,
          minmay_the_grid_triangle_9x9_descending_squares,
          minmay_the_grid_triangle_9x9_wacky_v], layout_rooms,
          makhleb_blood_cavern_becter, minmay_temple_entry_enclosed_plants,
          chequers_serial_rivers_small_a
D:8:      cheibrodos_shockbox, layout_layer_cave, uniq_grum
D:9:      layout_rooms, uniq_erica
D:10:     layout_loops_ring, david_lair_generic, david_orc_2, enter_bailey_5
D:11:     layout_loops_ring, gammafunk_ghost_hive
D:12:     layout_roguey, ebering_ghost_funeral_grove, kennysheep_kite_vault
Temple:   nicolae_temple_superstar
Lair:1:   dreamdust_isle_of_ice, layout_regular_city, beast_lair_carwin_11,
          uniq_sonja
Orc:1:    layout_diamond_mine

Skill      XL: |  1  2  3  4  5  6  7  8  9 10 11 12 |
---------------+-------------------------------------+-----
Dodging        | 3 4 5 6 7 9 11 13 14 | 14.1
Spellcasting   | 4 5 6 7 8 10 12 14 15 | 15.4
Earth Magic    | 4 5 6 7 9 10 12 13 | 13.3
Conjurations   | 2 4 5 |  5.0
Evocations     | 2 |  2.3
Stealth        | |  2.4
Transmutations | |  1.1

Action                     |  1- 3 |  4- 6 |  7- 9 | 10-12 || total
---------------------------+-------+-------+-------+-------++-------
  Melee: Trident           |       |       |       |     4 ||     4
   Cast: Sandblast         |    36 |    60 |   103 |    32 ||   231
         Stone Arrow       |       |       |    52 |   310 ||   362
         Lee's Rapid Decon |       |       |       |    24 ||    24
         Petrify           |       |       |       |    15 ||    15
  Evoke: Box of beasts     |       |       |       |     1 ||     1
    Use: Potion            |       |     2 |     2 |     4 ||     8
         Scroll            |       |       |    11 |     6 ||    17
   Stab: Petrified         |       |       |       |     3 ||     3
 Armour: Robe              |     1 |     3 |    25 |       ||    29
         Troll leather arm |       |       |       |    16 ||    16
  Dodge: Dodged            |    10 |    20 |    85 |    90 ||   205
